AoeStats
← Chiripa605

Nomad

509129218Analyzed
4v4 RM · 6d ago on Sep 25, 2026· 30m 10s· 8 players
Game mode
Random Map
Map size
231×231
Population
200
Speed
Normal
Resources
Standard
Victory
Conquest
Starting age
Dark Age
Ending age
Imperial Age
RankedLock teamsTeams togetherTeam positionsShared explorationLock speedFull tech treeHidden civsTurbo modeCheats
Victory
Defeat
🇹🇼 Koreans · Taiwan
1644
+9
🇹🇼 Italians · Taiwan
1557
+12
🇹🇼 Turks · Taiwan
1529
+13
🇨🇳 Persians · China
1500
+14
🇲🇽 Dravidians · Mexico
1508
-14
🇷🇺 Persians · Russia
1477
-12
🇧🇷 Vikings · Brazil
1468
-12
🇺🇸 Armenians · United States
1418
-10
Chiripa605
4:53 Loom
13:23 Feudal Age
14:05 Double-Bit Axe
16:55 Forging
17:29 Scale Mail Armor
22:03 Castle Age
20:37 Fishing Lines
miki_bb /VL/
5:13 Loom
13:54 Feudal Age
14:35 Gold Mining
14:34 Town Watch
19:34 Castle Age
Welldone
4:26 Loom
15:13 Feudal Age
15:56 Double-Bit Axe
21:20 Castle Age
19:50 Fishing Lines
22:10 Wheelbarrow
22:46 Medium Warships
25:15 Fletching
27:02 Demolition Ship
30:22 Bodkin Arrow
Mr Diniz
5:13 Loom
14:30 Feudal Age
15:18 Fishing Lines
15:24 Double-Bit Axe
18:22 Castle Age
17:26 Stone Mining
18:42 Fletching
19:35 Bow Saw
20:29 Bodkin Arrow
騷護士
3:56 Loom
13:27 Feudal Age
18:11 Castle Age
17:29 Scale Barding Armor
24:12 Chain Barding Armor
27:07 Forging
28:18 Bloodlines
上帝惡魔楊宗翰
6:11 Loom
11:56 Feudal Age
12:24 Loom
14:17 Wheelbarrow
14:07 Double-Bit Axe
21:04 Castle Age
18:57 Gold Mining
20:27 Fletching
21:13 Padded Archer Armor
21:58 Medium Warships
23:13 Bow Saw
24:52 Bodkin Arrow
26:04 Leather Archer Armor
27:22 Fishing Lines
28:08 Horse Collar
29:20 Gillnets
29:59 Stone Mining
31:01 Hand Cart
30:32 Town Watch
超级硬邦邦
3:34 Loom
9:04 Loom
13:20 Feudal Age
17:54 Castle Age
17:17 Double-Bit Axe
18:54 Fletching
22:36 Horse Collar
23:57 Bow Saw
24:33 Heavy Plow
25:46 Wheelbarrow
27:25 Hand Cart
26:56 Town Watch
27:59 Gold Mining
28:00 Stone Mining
32:12 Imperial Age
[TNT] TW_RED
14:39 Feudal Age
15:21 Town Watch
19:48 Castle Age
19:32 Fishing Lines
21:50 Wheelbarrow
21:23 Horse Collar
22:01 Loom
23:07 Double-Bit Axe
25:02 Coinage
Connection lost

Rejoining the realm…

Still unreachable

The connection could not be restored.

Session expired

The server has moved on; the page needs a fresh start.